[Event "ICCopen2017"]
[Site "Internet Chess Club"]
[Date "2017.04.02"]
[Round "6"]
[White "EddieBarber"]
[Black "patterncircular"]
[Result "1/2-1/2"]
[ICCResult "Black ran out of time and White has no material to mate"]
[WhiteElo "1725"]
[BlackElo "2037"]
[Opening "Pirc: Ufimtsev-Pytel variation"]
[ECO "B07"]
[NIC "PU.08"]
[Time "20:07:31"]
[TimeControl "180+0"]

1. e4 d6 2. d4 Nf6 3. Nc3 c6 4. f4 Qa5 5. Nf3 Nxe4 6. Bd2 Nxd2 7. Qxd2 Bf5
8. O-O-O Nd7 9. Kb1 Qc7 10. Nh4 Bg4 11. Re1 Nf6 12. h3 Bd7 13. g4 O-O-O 14.
Be2 d5 15. g5 Ne8 16. Bg4 e6 17. f5 exf5 18. Nxf5 Nd6 19. Qf2 Nxf5 20. Bxf5
Bb4 21. Re7 Bxe7 22. Rf1 Bxg5 23. Na4 Be7 24. Bd3 f6 25. Nc5 Bxc5 26. dxc5
Qa5 27. c3 Rhe8 28. Bxh7 Re5 29. Rg1 Rg5 30. Re1 Qa4 31. Bc2 Qc4 32. Re7 d4
33. cxd4 Bxh3 34. Qf4 Qf1+ 35. Qc1 Qxc1+ 36. Kxc1 Rxd4 37. Re8+ Kc7 38. Re7+
Rd7 39. Re1 Rxc5 40. Kb1 Rxc2 41. Kxc2 Bf5+ 42. Kb3 g5 43. Rf1 Rd5 44. Kc4
Kb6 45. b4 Re5 46. a4 a5 47. bxa5+ Kxa5 48. Kd4 Ka6 49. Rc1 g4 50. Rf1 g3
51. Rg1 Re4+ 52. Kc5 Rg4 53. Kd6 g2 54. Ke7 Be4 55. Kxf6 Rf4+ 56. Ke5 Rf1
57. Rxg2 Bxg2 58. Kd4 Ra1 59. Kc3 Rxa4 60. Kb3 Ra5 61. Kc3 Bd5 62. Kd2 Rb5
63. Ke3 Kb6 64. Kf4 Kc5 65. Kg5 Rb4 66. Kf6
{Black ran out of time and White has no material to mate}
1/2-1/2

[Event "ICCopen2017"]
[Site "Internet Chess Club"]
[Date "2017.04.02"]
[Round "6"]
[White "tirandopiezas"]
[Black "Maxbet"]
[Result "0-1"]
[ICCResult "White checkmated"]
[WhiteElo "2016"]
[BlackElo "2682"]
[Opening "Sicilian: Taimanov (Bastrikov) variation"]
[ECO "B47"]
[NIC "SI.40"]
[Time "20:07:41"]
[TimeControl "180+0"]

1. e4 c5 2. Nf3 e6 3. d4 cxd4 4. Nxd4 Nc6 5. Nc3 Qc7 6. a3 a6 7. Be3 Nf6 8.
f4 d6 9. Be2 Be7 10. O-O O-O 11. Kh1 Nxd4 12. Bxd4 b5 13. Bd3 Bb7 14. Qf3
Nd7 15. Qg3 Bf6 16. Bxf6 Nxf6 17. e5 Nh5 18. Qh4 g6 19. Rae1 Rad8 20. Be2
Ng7 21. Bf3 Nf5 22. Qf2 dxe5 23. fxe5 Rd4 24. Bxb7 Qxb7 25. Rd1 Rfd8 26.
Rxd4 Rxd4 27. Rd1 Rxd1+ 28. Nxd1 Qd5 29. Qe1 Nh4 30. Qe2 Qd4 31. Nc3 Nf5 32.
g3 h5 33. Kg2 h4 34. g4 Ne3+ 35. Kf3 Nxg4 36. Qe4 Nxe5+ 37. Ke2 Qc4+ 38. Kd2
Qxe4 39. Nxe4 Nf3+ 40. Ke3 Nxh2 41. Nf6+ Kg7 42. Ne8+ Kh6 43. Nc7 h3 44. Kf4
Ng4 45. Kg3 h2 46. Kg2 f5 47. Nxa6 f4 48. Nc5 f3+ 49. Kh1 f2 50. Kg2 h1=Q+
51. Kxh1 f1=Q# {White checkmated} 0-1

[Event "ICCopen2017"]
[Site "Internet Chess Club"]
[Date "2017.04.02"]
[Round "6"]
[White "newtonpp"]
[Black "Unbeliever"]
[Result "0-1"]
[ICCResult "White forfeits on time"]
[WhiteElo "1505"]
[BlackElo "1777"]
[Opening "English: Anglo-Dutch defense"]
[ECO "A10"]
[NIC "HD.14"]
[Time "20:07:33"]
[TimeControl "180+0"]

1. c4 f5 2. Nc3 Nf6 3. d3 d6 4. e4 e5 5. Nf3 Nc6 6. Be2 g6 7. O-O Bg7 8. Bg5
h6 9. Bxf6 Bxf6 10. Nd5 Bg7 11. a3 O-O 12. b4 f4 13. Ne1 Ne7 14. g3 Bh3 15.
Ng2 g5 16. Bg4 Bxg4 17. Qxg4 c6 18. Qe6+ Rf7 19. Nc3 Kf8 20. f3 Rf6 21. Qg4
Qe8 22. b5 Kg8 23. Rab1 Qf7 24. bxc6 Nxc6 25. Nd5 Rg6 26. Qh5 Re8 27. Rb2
Nd4 28. Rfb1 b6 29. Kf2 g4 30. gxf4 gxf3 {White forfeits on time} 0-1

[Event "ICCopen2017"]
[Site "Internet Chess Club"]
[Date "2017.04.02"]
[Round "6"]
[White "Siryk"]
[Black "Radja"]
[Result "0-1"]
[ICCResult "White forfeits on time"]
[WhiteElo "2758"]
[BlackElo "2445"]
[Opening "King's Indian: Sämisch, double fianchetto variation"]
[ECO "E82"]
[NIC "KI.45"]
[Time "20:07:14"]
[TimeControl "180+0"]

1. d4 Nf6 2. c4 g6 3. Nc3 Bg7 4. e4 d6 5. f3 O-O 6. Be3 b6 7. Bd3 a6 8. Nge2
c5 9. Rc1 Nc6 10. Bb1 Nd7 11. d5 Nce5 12. b3 Rb8 13. a4 Nf6 14. h3 Ne8 15.
f4 Nd7 16. O-O Nc7 17. Bd3 e6 18. Qd2 exd5 19. exd5 f5 20. Rce1 Nf6 21. Bf2
Bd7 22. Rb1 b5 23. axb5 axb5 24. b4 bxc4 25. Bxc4 cxb4 26. Na2 Ne4 27. Qc2
Nxf2 28. Rxf2 Ne8 29. Nxb4 Nf6 30. Nc6 Rxb1+ 31. Qxb1 Qc7 32. Ned4 Ne4 33.
Rc2 Bxd4+ 34. Nxd4 Qc5 35. Qd1 Ba4 36. Kh2 Bxc2 37. Nxc2 Qxc4 38. Ne3 Qc3
39. Qe2 Re8 40. Nxf5 gxf5 41. Qh5 Re7 42. Qxf5 Qg3+ 43. Kg1 Nf6 44. Qc8+ Kf7
45. Qc1 Re1+ 46. Qxe1 Qxe1+ 47. Kh2 Qe3 48. g4 Ne4 49. Kg2 Qg3+
{White forfeits on time}
0-1

[Event "ICCopen2017"]
[Site "Internet Chess Club"]
[Date "2017.04.02"]
[Round "6"]
[White "CapitanCentella"]
[Black "MyLien"]
[Result "1-0"]
[ICCResult "Black checkmated"]
[WhiteElo "1753"]
[BlackElo "1551"]
[Opening "Sicilian"]
[ECO "B53"]
[NIC "SI.01"]
[Time "20:07:11"]
[TimeControl "180+0"]

1. e4 c5 2. Nf3 d6 3. d4 Nd7 4. d5 Ngf6 5. Nbd2 g6 6. c4 Bg7 7. Bd3 O-O 8.
O-O Re8 9. Re1 Qc7 10. Rb1 e6 11. b3 exd5 12. exd5 Ne5 13. Nxe5 dxe5 14. Bb2
Nd7 15. f3 f5 16. Nf1 Qd6 17. Bc2 b6 18. Kh1 Bb7 19. Ng3 Re7 20. Qd2 Rae8
21. Re2 Bf6 22. Rbe1 Bh4 23. Qh6 Bf6 24. Qc1 h5 25. Nf1 h4 26. h3 e4 27.
Bxf6 Nxf6 28. fxe4 Nxe4 29. Bxe4 Rxe4 30. Rxe4 fxe4 31. Qg5 Re5 32. Qxh4 Kg7
33. Rxe4 Rxe4 34. Qxe4 Bc8 35. Ne3 Qg3 36. Qf3 Qe1+ 37. Kh2 Qh4 38. Nf1 Qf6
39. Qe3 Bf5 40. Ng3 Bd7 41. Ne2 Bf5 42. g4 Bd7 43. Nf4 Qd4 44. Qe7+ Kh6 45.
Qf8+ Qg7 46. g5+ Kh7 47. Qxg7+ Kxg7 48. Kg3 Bf5 49. h4 Kf7 50. h5 Ke7 51. h6
Kf7 52. Ne6 Kg8 53. Kf4 Bb1 54. Ke5 Bxa2 55. d6 Bxb3 56. d7 Kf7 57. d8=Q
Bxc4 58. Qf8# {Black checkmated} 1-0

[Event "ICCopen2017"]
[Site "Internet Chess Club"]
[Date "2017.04.02"]
[Round "6"]
[White "lestri"]
[Black "CristianS"]
[Result "0-1"]
[ICCResult "White forfeits on time"]
[WhiteElo "2497"]
[BlackElo "2141"]
[Opening "King's Indian: Sämisch, 5...O-O"]
[ECO "E81"]
[NIC "KI.49"]
[Time "20:07:22"]
[TimeControl "180+0"]

1. c4 Nf6 2. Nc3 g6 3. e4 d6 4. d4 Bg7 5. f3 O-O 6. Bg5 c5 7. d5 e6 8. Qd2
exd5 9. cxd5 a6 10. a4 h6 11. Be3 h5 12. Bg5 Re8 13. Ra3 Qa5 14. Nge2 Nh7
15. Bf4 Be5 16. Bxe5 Rxe5 17. Nf4 Re8 18. Be2 Nd7 19. O-O Ne5 20. h4 Qb4 21.
Rd1 Nc4 22. Bxc4 Qxc4 23. Nfe2 Kg7 24. Qc2 Qb4 25. Rb3 Qa5 26. Ng3 c4 27.
Ra3 Bd7 28. Nf1 Qc5+ 29. Qf2 Qxf2+ 30. Kxf2 b5 31. b4 bxa4 32. Ne3 Reb8 33.
Nc2 a5 34. b5 Bxb5 35. Nxb5 Rxb5 36. Rxa4 Rb2 37. Rxc4 a4 38. Ra1 a3 39. Ke3
a2 40. Kd2 Nf8 41. Kc1 Rab8 42. Kd2 Nd7 43. Ra4 Nc5 44. R4xa2 Nb3+ 45. Kc3
Nxa1 46. Rxb2 Rc8+ 47. Kd3 Nxc2 48. Rxc2 Ra8 49. Rc6 Ra2 50. Rxd6 Rxg2 51.
e5 Rg3 52. Ke4 Rg1 53. Rd7 Re1+ 54. Kf4 Rh1 55. e6 Rxh4+ 56. Ke5 Ra4 57.
Rxf7+ Kg8 58. Rc7 Ra2 59. Kf6 Ra8 60. Kxg6 Rb8 61. f4 Kh8 62. f5 Rg8+ 63.
Kh6 Ra8 64. f6 Rd8 {White forfeits on time} 0-1

[Event "ICCopen2017"]
[Site "Internet Chess Club"]
[Date "2017.04.02"]
[Round "6"]
[White "sravanrenjith"]
[Black "BrentMusburger"]
[Result "1/2-1/2"]
[ICCResult "White ran out of time and Black has no material to mate"]
[WhiteElo "1691"]
[BlackElo "2324"]
[Opening "Queen's gambit declined"]
[ECO "D35"]
[NIC "QP.08"]
[Time "20:07:14"]
[TimeControl "180+0"]

1. d4 d5 2. c4 e6 3. cxd5 exd5 4. Nc3 Nf6 5. Nf3 Be7 6. Bf4 O-O 7. e3 c6 8.
Bd3 Re8 9. O-O Bd6 10. Bxd6 Qxd6 11. Rc1 Bg4 12. h3 Bh5 13. Be2 Nbd7 14. Nd2
Bg6 15. a3 Ne4 16. b4 a5 17. Ndxe4 Bxe4 18. Nxe4 Rxe4 19. Bd3 Ree8 20. Qc2
axb4 21. axb4 Nf6 22. b5 Rac8 23. Qb3 c5 24. Qa3 Nd7 25. Bf5 b6 26. dxc5
bxc5 27. Bxd7 Qxd7 28. Rxc5 Ra8 29. Qd3 Red8 30. Rd1 Qe7 31. Rxd5 Rdb8 32.
Rd7 Qf8 33. Qf5 g6 34. Qf6 Re8 35. b6 Re6 36. Qh4 Kg7 37. b7 Rb8 38. Rd8 Re8
39. Qd4+ Kg8 40. Rxe8 Qxe8 41. Qd7 Kf8 42. Qd6+ Kg8 43. Qc7 Kf8 44. Rc1 Kg7
45. Qc3+ Kg8 46. Qc8 Kg7 47. Qxe8 Rxe8 48. Rc8 Re6 49. b8=Q Kf6 50. Qb2+ Ke7
51. Rc7+ Kd6 52. Qb6+ Ke5 53. Rc5+ Kf6 54. Qb4 Rd6 55. Qf4+ Ke6 56. Re5+ Kd7
57. Qxf7+ Kc6 58. Qe8+ Kc7 59. Qe7+ Kc6 60. Qxd6+ Kxd6 61. Re8 Kd7 62. Rh8
h5 63. Rh7+ Ke6 64. Rh6 Kf6 65. Rxg6+ Kxg6 66. f4 Kf6 67. g4 h4 68. g5+ Ke6
69. Kf2 Kf5 70. Kf3 Kg6 71. e4 Kg7 72. Kg4 Kf7 73. Kxh4 Ke7 74. Kg4 Kd7 75.
h4 Kc7 76. h5 Kb6 77. h6 Kb5 78. g6 Kb4 79. g7 Kc4 80. f5 Kd3 81. f6 Kd2 82.
f7 Ke2 {White ran out of time and Black has no material to mate} 1/2-1/2

[Event "ICCopen2017"]
[Site "Internet Chess Club"]
[Date "2017.04.02"]
[Round "6"]
[White "talshirov"]
[Black "TomorrowLand"]
[Result "0-1"]
[ICCResult "White forfeits on time"]
[WhiteElo "1965"]
[BlackElo "1845"]
[Opening "Sicilian, Szén (`anti-Taimanov') variation"]
[ECO "B44"]
[NIC "SI.39"]
[Time "20:07:23"]
[TimeControl "180+0"]

1. e4 c5 2. Nf3 e6 3. d4 cxd4 4. Nxd4 Nc6 5. Nb5 d6 6. Bf4 e5 7. Be3 Be6 8.
N1c3 Be7 9. Nd5 Bxd5 10. exd5 Nb8 11. c4 g6 12. Bd3 f5 13. O-O Nf6 14. h3 a6
15. Nc3 Nbd7 16. f4 e4 17. Bc2 O-O 18. Ne2 Rc8 19. Nd4 Qa5 20. Ne6 Rf7 21.
Bb3 b5 22. cxb5 Qxb5 23. Ba4 Qb4 24. a3 Qxb2 25. Bd4 Qb7 26. Rb1 Qxd5 27.
Ng5 Rc4 28. Bxf6 Nxf6 29. Nxf7 Qxd1 30. Rfxd1 Rxa4 31. Ng5 Rxa3 32. Rb7 Bf8
33. Rb8 Nd7 34. Rd8 Nc5 35. Rc1 Rg3 36. h4 h6 37. Nh3 Kf7 38. Ra8 Rd3 39.
Ra7+ Be7 40. Nf2 Rd2 41. Rd1 Rxd1+ 42. Nxd1 Nd3 43. g3 d5 44. Ne3 Ke6 45.
Rxa6+ Bd6 46. Nc2 Kd7 47. Ra7+ Kc6 48. Rg7 Bc5+ 49. Kf1 Kb5 50. Rxg6 Kc4 51.
Ne1 Nc1 52. Rxh6 d4 53. Ra6 d3 54. Ra1 d2 55. Nc2 d1=Q+ 56. Ne1 Qc2 57. Nxc2
Nb3 58. Rb1 Nd2+ 59. Ke2 Nxb1 60. h5 Bf8 61. h6 Bxh6 62. g4 Bf8 63. g5 Kd5
64. Ne3+ Ke6 65. Ng2 Nc3+ 66. Ke3 Nd5+ 67. Kf2 Bg7 68. g6 Kf6 69. Nh4 e3+
70. Kg2 Nc3 71. Kf1 e2+ 72. Ke1 Ne4 73. Nf3 Ng3 74. Kd2 Nh5
{White forfeits on time}
0-1

[Event "ICCopen2017"]
[Site "Internet Chess Club"]
[Date "2017.04.02"]
[Round "6"]
[White "Molton"]
[Black "Pashket"]
[Result "1-0"]
[ICCResult "Black forfeits on time"]
[WhiteElo "3052"]
[BlackElo "2650"]
[Opening "French: Tarrasch, open variation"]
[ECO "C07"]
[NIC "FR.18"]
[Time "20:07:48"]
[TimeControl "180+0"]

1. e4 e6 2. d4 d5 3. Nd2 c5 4. Ngf3 cxd4 5. Nxd4 Nc6 6. Bb5 Bd7 7. Nxc6 bxc6
8. Bd3 Qc7 9. Qe2 Bd6 10. Nf3 Ne7 11. c4 O-O 12. O-O Ng6 13. Re1 Rfe8 14. e5
Bc5 15. Be3 Bxe3 16. Qxe3 c5 17. cxd5 exd5 18. Rac1 c4 19. Bxg6 hxg6 20. b3
Rac8 21. Qc3 Bf5 22. Nd2 Bd3 23. h3 Qc5 24. Nf3 Qc7 25. Qd4 Be4 26. Nd2 Bd3
27. Nf3 Be4 28. Nd2 Bd3 29. f4 Qa5 30. Nf3 Qxa2 31. e6 fxe6 32. Ra1 Qxb3 33.
Rxa7 e5 34. Nxe5 Bf5 35. Rxg7+ {Black forfeits on time} 1-0

[Event "ICCopen2017"]
[Site "Internet Chess Club"]
[Date "2017.04.02"]
[Round "6"]
[White "Colombiano07"]
[Black "ivancele"]
[Result "1-0"]
[ICCResult "Black forfeits on time"]
[WhiteElo "1915"]
[BlackElo "1506"]
[Opening "Queen's Pawn"]
[ECO "A41"]
[NIC "QO.17"]
[Time "20:08:32"]
[TimeControl "180+0"]

1. d4 d6 2. Nf3 f5 3. Bf4 Nf6 4. e3 g6 5. h3 Bg7 6. Nbd2 c6 7. Bd3 a6 8. O-O
b5 9. e4 fxe4 10. Nxe4 O-O 11. c3 Nxe4 12. Bxe4 Rxf4 13. Re1 Bb7 14. a4 Qc7
15. Ng5 Rf6 16. Qb3+ d5 17. Bd3 Qd6 18. Re2 Nd7 19. Rae1 Re8 20. axb5 axb5
21. Ne6 Nf8 22. Ng5 Bc8 23. Ne4 Qf4 24. Nxf6+ Bxf6 25. Re3 Qd6 26. Qd1 Bd7
27. Qf3 Kg7 28. Bc2 Ra8 29. Bb1 Ra4 30. Bc2 Ra2 31. Rb1 b4 32. Bb3 Ra5 33.
Rd1 bxc3 34. bxc3 Ra3 35. Bc2 Ra2 36. Bb3 Rb2 37. c4 e6 38. cxd5 exd5 39.
Re2 Rxe2 40. Qxe2 Bf5 41. Re1 Bxd4 42. Bc2 Bxc2 43. Qxc2
{Black forfeits on time}
1-0

[Event "ICCopen2017"]
[Site "Internet Chess Club"]
[Date "2017.04.02"]
[Round "6"]
[White "ChessIncognito"]
[Black "nikenwidiartto"]
[Result "0-1"]
[ICCResult "White forfeits on time"]
[WhiteElo "1621"]
[BlackElo "1827"]
[Opening "Scandinavian defense"]
[ECO "B01"]
[NIC "SD.03"]
[Time "20:07:35"]
[TimeControl "180+0"]

1. e4 d5 2. exd5 Nf6 3. g3 Nxd5 4. Bg2 c6 5. Nf3 Bg4 6. d4 Nd7 7. Be3 e6 8.
c4 N5f6 9. Nc3 Bd6 10. Qd2 O-O 11. O-O Bb4 12. a3 Ne4 13. Qc1 Nxc3 14. bxc3
Bd6 15. c5 Bc7 16. Bf4 Bxf4 17. Qxf4 Nf6 18. Ne5 Bh5 19. Rfe1 Qa5 20. Qd2
Nd5 21. Bxd5 exd5 22. f4 f6 23. Nd3 Rfe8 24. Qb2 Qa6 25. Nf2 Bf3 26. h3 Kf7
27. Kh2 b5 28. g4 Qb7 29. Kg3 Be4 30. Nxe4 dxe4 31. Qc2 Qe7 32. Re3 f5 33.
gxf5 Qf6 34. Rae1 Qxf5 35. Rxe4 Qg6+ 36. Kh2 Qh6 37. Qe2 Rxe4 38. Qxe4 Qf6
39. Qe5 Rd8 40. Qxf6+ Kxf6 41. Re5 a5 42. Re4 a4 43. Re5 Rd7 44. Kg3 Rb7 45.
Kf3 b4 46. cxb4 Rd7 47. Ke4 g6 48. d5 h5 49. dxc6 Rc7 50. Rd5 Rxc6 51. Rd6+
Rxd6 52. cxd6 Ke6 53. Kd4 Kxd6 54. b5 Ke6 55. Kc4 Kd6 56. Kb4 Kc7 57. Kxa4
Kb6 58. Kb4 g5 59. a4 gxf4 60. a5+ Kb7 61. Kc4 f3 62. Kd4 f2 63. Kc5 f1=Q
64. a6+ Ka8 {White forfeits on time} 0-1

[Event "ICCopen2017"]
[Site "Internet Chess Club"]
[Date "2017.04.02"]
[Round "6"]
[White "shirovinster"]
[Black "Cjon"]
[Result "1-0"]
[ICCResult "Black forfeits on time"]
[WhiteElo "1744"]
[BlackElo "1412"]
[Opening "Petrov: Italian variation"]
[ECO "C42"]
[NIC "RG.01"]
[Time "20:08:44"]
[TimeControl "180+0"]

1. e4 e5 2. Nf3 Nf6 3. Bc4 Nxe4 4. O-O d5 5. Bb5+ c6 6. Ba4 Bc5 7. d3 Nxf2
8. Rxf2 Bxf2+ 9. Kxf2 Bg4 10. Qe1 Bxf3 11. Kxf3 Qf6+ 12. Ke2 O-O 13. Qf2 Qe7
14. Nc3 e4 15. Kf1 exd3 16. cxd3 Re8 17. Bd2 Nd7 18. Bc2 Ne5 19. Re1 Qf6 20.
Qxf6 gxf6 21. Kg1 Ng4 22. h3 Rxe1+ 23. Bxe1 Ne3 24. Bd1 Nxd1 25. Nxd1 Re8
26. Kf2 f5 27. Bc3 h6 28. Ne3 Kh7 29. Nxf5 Kg6 30. Nd6 Re7 31. g4 Rd7 32.
Nf5 c5 33. Kf3 d4 34. Bd2 h5 35. Bf4 hxg4+ 36. hxg4 b5 37. Bd6 c4 38. dxc4
bxc4 39. Bb4 d3 40. Bd2 f6 41. Ne3 Rc7 42. Ke4 Re7+ 43. Kd4 Rc7 44. Nxc4
Rd7+ 45. Ke3 a6 46. b3 Rd5 47. Bc3 Kg5 48. Ke4 Rd8 49. Bd2+ Kxg4 50. Ne3+
Kg3 51. Nd5 f5+ 52. Ke5 {Black forfeits on time} 1-0

[Event "ICCopen2017"]
[Site "Internet Chess Club"]
[Date "2017.04.02"]
[Round "6"]
[White "Zheus"]
[Black "MeneerMandje"]
[Result "0-1"]
[ICCResult "White checkmated"]
[WhiteElo "1991"]
[BlackElo "1996"]
[Opening "Réti opening"]
[ECO "A05"]
[NIC "QP.11"]
[Time "20:08:17"]
[TimeControl "180+0"]

1. Nf3 Nf6 2. b3 a5 3. Bb2 a4 4. c4 e6 5. d4 b6 6. a3 axb3 7. Qxb3 Be7 8. e3
O-O 9. Be2 Nc6 10. O-O Ba6 11. Nbd2 d5 12. Rfd1 Na5 13. Qc2 Rc8 14. Ne5 Nd7
15. Nxd7 Qxd7 16. Bd3 f5 17. cxd5 Bxd3 18. Qxd3 exd5 19. Rac1 Bf6 20. Bc3
Nb7 21. Nf3 Qe6 22. Bb4 Rfd8 23. Qb5 Nd6 24. Bxd6 Qxd6 25. a4 Ra8 26. Rc6
Qa3 27. Rxc7 Qxa4 28. Qxa4 Rxa4 29. Rb1 f4 30. Rb7 Re8 31. exf4 Bxd4 32.
Nxd4 Rb4 33. Rd1 Rxd4 34. Rb1 Rb4 35. Rd1 d4 36. g3 h5 37. Rd3 h4 38. Kg2
Re2 39. Rd7 Rbb2 40. Rf3 Rbd2 41. Rb7 d3 42. Rxb6 h3+ 43. Kxh3 Rxf2 44. Rxf2
Rxf2 45. Rd6 d2 46. g4 Re2 47. Kg3 Kf7 48. h4 Ke7 49. Rd3 Kf6 50. h5 Re3+
51. Rxe3 d1=Q 52. g5+ Kf7 53. g6+ Kf6 54. Re5 Qd3+ 55. Kg4 Qd4 56. Rg5 Qg1+
57. Kh4 Qh1+ 58. Kg4 Qd1+ 59. Kh4 Qd4 60. Kg4 Qe4 61. Rf5+ Qxf5+ 62. Kh4
Qxf4+ 63. Kh3 Kg5 64. h6 Qh4+ 65. Kg2 Qxh6 66. Kf1 Qxg6 67. Ke1 Qf5 68. Kd2
Qg4 69. Kc3 Qf4 70. Kd3 Kf5 71. Kc2 g5 72. Kd1 g4 73. Kc2 g3 74. Kd3 g2 75.
Ke2 g1=Q 76. Kd3 Qge3+ 77. Kc2 Qff2+ 78. Kb1 Qee1# {White checkmated} 0-1

[Event "ICCopen2017"]
[Site "Internet Chess Club"]
[Date "2017.04.02"]
[Round "6"]
[White "TudoracheM"]
[Black "ChessGeneral111"]
[Result "1-0"]
[ICCResult "Black forfeits on time"]
[WhiteElo "1694"]
[BlackElo "1369"]
[Opening "French: Tarrasch"]
[ECO "C03"]
[NIC "FR.14"]
[Time "20:11:14"]
[TimeControl "180+0"]

1. e4 e6 2. d4 d5 3. Nd2 a6 4. Ngf3 c5 5. c3 Nc6 6. Bd3 cxd4 7. cxd4 dxe4 8.
Bxe4 Nxd4 9. Qa4+ Nb5 10. O-O Nf6 11. Bd3 Bd7 12. Qb3 Be7 13. Nc4 O-O 14.
Be3 Nd5 15. Bd2 Bc6 16. Rad1 Nf6 17. Nce5 Qc7 18. Bf4 Rfd8 19. Ng6 Bd6 20.
Bxd6 Rxd6 21. Nge5 Rad8 22. Rc1 Qb8 23. Nxc6 bxc6 24. Be2 Nd4 25. Nxd4 Rxd4
26. Qxb8 Rxb8 27. Rxc6 Rd2 28. Rfc1 g6 29. R6c2 Rd6 30. Bf3 Rdb6 31. b3 a5
32. Rc8+ Kg7 33. Rxb8 Rxb8 34. Rc4 Nd7 35. h3 Ne5 36. Rf4 Nxf3+ 37. Rxf3 Rc8
38. Rf4 Rc2 39. Ra4 Rc5 40. a3 Kf6 41. b4 axb4 42. axb4 Rb5 43. f3 Ke5 44.
Kf2 Kd4 45. Ra7 Rxb4 46. Rxf7 h5 47. Rf6 h4 48. Rxg6 Rb2+ 49. Ke1 Rb1+ 50.
Kd2 Rb2+ 51. Kc1 Rb6 52. Rg4+ Ke5 53. Rxh4 Kf5 54. Kd2 Kg5 55. Rg4+ Kf5 56.
Ke3 Kf6 57. Kf2 Kf5 58. Kg3 Kf6 59. Re4 e5 60. h4 Rb5 61. Kg4 Kg7 62. g3 Kg6
63. h5+ Kh6 64. Kh4 Ra5 65. g4 Rb5 66. g5+ {Black forfeits on time} 1-0

[Event "ICCopen2017"]
[Site "Internet Chess Club"]
[Date "2017.04.02"]
[Round "6"]
[White "oli2"]
[Black "ural"]
[Result "0-1"]
[ICCResult "White forfeits on time"]
[WhiteElo "1741"]
[BlackElo "2325"]
[Opening "Scandinavian (center counter) defense"]
[ECO "B01"]
[NIC "SD.01"]
[Time "20:11:47"]
[TimeControl "180+0"]

1. e4 d5 2. exd5 Qxd5 3. Nc3 Qa5 4. d4 Nf6 5. Nf3 Nc6 6. Bb5 Ne4 7. Bxc6+
bxc6 8. Qd3 Nxc3 9. bxc3 Bf5 10. Qe3 e6 11. O-O Bd6 12. c4 O-O 13. c5 Be7
14. c4 Qa4 15. Ne5 Rad8 16. Qb3 Bc2 17. Qxa4 Bxa4 18. Be3 f6 19. Nf3 Rb8 20.
Rab1 Bc2 21. Rbc1 Be4 22. Nd2 Bd3 23. Rfd1 Rfd8 24. Nb3 Bg6 25. Na5 Be8 26.
Rb1 e5 27. dxe5 fxe5 28. f3 Rxd1+ 29. Rxd1 Rb2 30. a3 Ra2 31. Rd3 h5 32. h3
h4 33. Bf2 g5 34. Be1 Kf7 35. Rb3 Bxc5+ 36. Kf1 Bb6 37. Bb4 c5 38. Bc3 Ke6
39. Nb7 Ba4 40. Rb1 Rxa3 41. Be1 Bb3 42. Nd8+ Kd7 43. Nf7 Bxc4+ 44. Kf2 Bxf7
45. Bd2 Kc6 46. Ke2 Ra2 47. Ke3 c4+ 48. Ke4 Rxd2 49. Kxe5 Re2+ 50. Kf6 Bd5
51. Kxg5 Rxg2+ 52. Kxh4 Bxf3 53. Rf1 Bf2+ 54. Rxf2 Rxf2 55. Kg3 Rf1 56. h4
c3 57. h5 c2 58. h6 c1=Q {White forfeits on time} 0-1

[Event "ICCopen2017"]
[Site "Internet Chess Club"]
[Date "2017.04.02"]
[Round "7"]
[White "RWu"]
[Black "intermaster"]
[Result "0-1"]
[ICCResult "White resigns"]
[WhiteElo "1791"]
[BlackElo "2219"]
[Opening "Sicilian: dragon, classical, 8.O-O"]
[ECO "B73"]
[NIC "SI.15"]
[Time "20:18:35"]
[TimeControl "180+0"]

1. e4 c5 2. Nf3 d6 3. d4 cxd4 4. Nxd4 Nf6 5. Nc3 g6 6. Be2 Bg7 7. Be3 Nc6 8.
O-O O-O 9. f3 Qb6 10. Nf5 Qxb2 11. Na4 Qa3 12. Nxg7 Qxe3+ {White resigns}
0-1

[Event "ICCopen2017"]
[Site "Internet Chess Club"]
[Date "2017.04.02"]
[Round "7"]
[White "fueguino"]
[Black "rugsy"]
[Result "1-0"]
[ICCResult "Black resigns"]
[WhiteElo "1927"]
[BlackElo "1406"]
[Opening "Old Benoni defense"]
[ECO "A43"]
[NIC "OI.09"]
[Time "20:18:38"]
[TimeControl "180+0"]

1. d4 c5 2. d5 d6 3. Nc3 e5 4. e4 f5 5. f4 exf4 6. Bxf4 fxe4 7. Nxe4 Nf6 8.
Qe2 Be7 9. Nxd6+ Kf8 10. Nxc8 Qxc8 11. O-O-O Nbd7 12. Nf3 h6 13. Nh4 Rg8 14.
Ng6+ {Black resigns} 1-0

[Event "ICCopen2017"]
[Site "Internet Chess Club"]
[Date "2017.04.02"]
[Round "7"]
[White "jefferyx"]
[Black "Bojack"]
[Result "1-0"]
[ICCResult "Black resigns"]
[WhiteElo "2750"]
[BlackElo "2182"]
[Opening "Polish (Sokolsky) opening"]
[ECO "A00"]
[NIC "VO.10"]
[Time "20:18:53"]
[TimeControl "180+0"]

1. b4 d5 2. e3 Nf6 3. Bb2 Bg4 4. f3 Bf5 5. g4 Bg6 6. h4 h6 7. Nh3 Nbd7 8.
Nf4 e5 9. Nxg6 fxg6 10. a3 Bd6 11. c4 c6 12. Nc3 e4 13. f4 h5 14. g5 Ng4 15.
cxd5 cxd5 16. Qb3 d4 17. Qe6+ Qe7 18. Qxg6+ Qf7 19. Qxf7+ Kxf7 20. Nxe4 dxe3
21. Nxd6+ {Black resigns} 1-0

[Event "ICCopen2017"]
[Site "Internet Chess Club"]
[Date "2017.04.02"]
[Round "7"]
[White "YHWH"]
[Black "JDogRob"]
[Result "1-0"]
[ICCResult "Black resigns"]
[WhiteElo "1532"]
[BlackElo "945"]
[Opening "King's Indian defense, 3.Nc3"]
[ECO "E61"]
[NIC "KI.80"]
[Time "20:19:11"]
[TimeControl "180+0"]

1. d4 Nf6 2. c4 g6 3. Nc3 Bg7 4. Bg5 O-O 5. Qd2 d6 6. e4 Nbd7 7. Bd3 c5 8.
d5 Re8 9. f4 Nf8 10. Nf3 Ng4 11. h3 Nf6 12. Rb1 h6 13. Bh4 e5 14. fxe5 Nh5
15. Bxd8 {Black resigns} 1-0

[Event "ICCopen2017"]
[Site "Internet Chess Club"]
[Date "2017.04.02"]
[Round "7"]
[White "TomorrowLand"]
[Black "tigerr"]
[Result "0-1"]
[ICCResult "White resigns"]
[WhiteElo "1844"]
[BlackElo "2295"]
[Opening "Sicilian: Sozin, Leonhardt variation"]
[ECO "B88"]
[NIC "SI.26"]
[Time "20:19:47"]
[TimeControl "180+0"]

1. e4 c5 2. Nf3 d6 3. d4 cxd4 4. Nxd4 Nf6 5. Nc3 Nc6 6. Bc4 e6 7. Bb3 Be7 8.
Be3 a6 9. Qe2 O-O 10. O-O-O Qc7 11. f4 b5 12. Qf3 Bb7 13. Bxe6 Nxd4 14.
Bxf7+ Rxf7 15. Bxd4 Rc8 16. Rd2 Qa5 17. Kb1 b4 18. Nd5 Nxd5 19. exd5 Bxd5
{White resigns}
0-1

[Event "ICCopen2017"]
[Site "Internet Chess Club"]
[Date "2017.04.02"]
[Round "7"]
[White "jbow79"]
[Black "Kjaan1974"]
[Result "0-1"]
[ICCResult "White resigns"]
[WhiteElo "929"]
[BlackElo "1505"]
[Opening "Queen's pawn"]
[ECO "A40"]
[NIC "QO.17"]
[Time "20:19:10"]
[TimeControl "180+0"]

1. d4 e6 2. Nf3 d6 3. e4 h6 4. Nc3 Be7 5. Be3 Nf6 6. Bd3 O-O 7. Qd2 c6 8.
Bxh6 gxh6 9. Qxh6 Ng4 10. Qh5 e5 11. dxe5 Nxe5 12. Nxe5 dxe5 13. Qxe5 Bf6
14. Qh5 Bg7 15. e5 f5 16. exf6 Rxf6 17. Qh7+ Kf8 18. Ne4 Rh6 {White resigns}
0-1

[Event "ICCopen2017"]
[Site "Internet Chess Club"]
[Date "2017.04.02"]
[Round "7"]
[White "RdgMx"]
[Black "Sc6"]
[Result "1-0"]
[ICCResult "Black resigns"]
[WhiteElo "1861"]
[BlackElo "1709"]
[Opening "King's Indian: London system"]
[ECO "A48"]
[NIC "QP.03"]
[Time "20:18:50"]
[TimeControl "180+0"]

1. d4 Nf6 2. Nf3 g6 3. Bf4 Bg7 4. e3 d6 5. Bc4 O-O 6. O-O Nbd7 7. Nbd2 a6 8.
c3 b5 9. Bb3 Bb7 10. Re1 e5 11. dxe5 dxe5 12. Nxe5 Nh5 13. Nxd7 Qxd7 14. Nf3
Qg4 15. h3 Qf5 16. g4 Qe4 17. gxh5 Qxf3 18. Qxf3 Bxf3 19. hxg6 hxg6 20. Bxc7
Bf6 21. Bd1 Bc6 22. Bg4 Kg7 23. Rad1 Bg5 24. Be5+ f6 25. Bd4 Kf7 26. Bb6
Rfe8 27. Rd6 Re6 28. Bxe6+ Ke7 29. Rxc6 f5 30. Bb3 Rh8 31. Rxg6 Bf6 32. Bc5+
{Black resigns}
1-0